 Dungeon Crawl Stone Soup version 0.31-a0-1159-g800acc2fd1 (webtiles) character file.

Game seed: 5462895805313498021

259 Malachi the Changeling (level 5, 0/69 HPs)
             Began as a Troll Shapeshifter on Dec 8, 2023.
             Slain by an ogre
             ... wielding a +0 giant club
              (10 damage)
             ... on level 4 of the Dungeon.
             The game lasted 00:01:58 (1303 turns).

Malachi the Changeling (Troll Shapeshifter)         Turns: 1303, Time: 00:01:59

Health: 0/69       AC: 18    Str: 24    XL:     5   Next: 94%
Magic:  4/4        EV:  1    Int:  6    God:
Gold:   146        SH:  0    Dex:  9    Spells: 4/4 levels left

rFire   . .          .
                       - Unarmed
rCold   . . .        (no shield)
rNeg    . . .        a - melded +0 animal skin
rPois   +            (helmet currently unavailable)
rElec   .            (cloak currently unavailable)
rCorr   .            (gloves unavailable)
SInv    .            (boots unavailable)
Will    .....        (no amulet)
Stlth   +            h - +4 ring of slaying
HPRegen 1.11/turn    (no ring)
MPRegen 0.09/turn

%: no passive effects
@: tree-form, corroded
A: stationary, stasis, torment immunity, boosted hp, large, unfitting armour,
(claws 3), regeneration 1, (shaggy fur 1), (tough skin 1)
a: no special abilities


You were on level 4 of the Dungeon.
You were a tree.
You visited 1 branch of the dungeon, and saw 3 of its levels.

You collected 146 gold pieces.

Inventory:

Armour
 a - a +0 animal skin (melded)
Jewellery
 h - a +4 ring of slaying (left branch)
Talismans
 c - a beast talisman
 d - a flux talisman
 j - a storm talisman
Scrolls
 e - 2 scrolls of teleportation {unknown}
 f - 2 scrolls of identify {unknown}
 g - a scroll of immolation {unknown}
 i - a scroll of fear {unknown}
 l - a scroll of amnesia {unknown}
 n - a scroll of enchant weapon {unknown}
 o - a scroll of enchant armour {unknown}
Potions
 k - a potion of enlightenment {unknown}
 m - a potion of curing {unknown}


   Skills:
 - Level 0.7 Fighting
 - Level 1.5 Dodging
 + Level 4.7 Unarmed Combat
 * Level 5.2 Shapeshifting


You had 4 spell levels left.
You didn't know any spells.
Your spell library was empty.

Dungeon Overview and Level Annotations

Branches:
Dungeon (4/15)
 Temple: D:4-7

Altars:


Innate Abilities, Weirdness & Mutations

You are a tree.
Your roots penetrate the ground, keeping you stationary.
You cannot be teleported.
You are immune to unholy pain and torment.
Your maximum health is greatly increased.
Your equipment is partially melded.
You are too large for most types of armour.
((You have claws for hands.))
Your natural rate of healing is unusually fast.
((You are covered in fur. (AC +1)))
((You have tough skin. (AC +1)))


Message History

You now have 146 gold pieces (gained 16).
Things that are here:
a +0 dagger; an orc corpse
Found 7 stones.
Found a chain mail.
A jelly comes into view.
A jelly is nearby!
An ogre comes into view. It is wielding a +0 giant club.
Found a scroll labelled KOHIUK UFUAFUAN.
The ogre moves out of view.
You see here 7 stones.
The jelly quivers.
You scratch the jelly. The acid corrodes you!
Your claws burn!
The jelly is lightly wounded.
The jelly completely misses you.
You claw the jelly!
Your claws burn!
The jelly is almost dead.
The ogre hits you with a +0 giant club! The jelly hits you.
You are splashed with acid!
You are too injured to fight recklessly!
You are too injured to fight recklessly!
You are too injured to fight recklessly!
You scratch the jelly.
You kill the jelly!
Okay, then.
Attack: -) Claws
Press: ? - help, Dir - move target, f - ogre
Aim: an ogre, wielding a +0 giant club (about 20% to evade your claws)
Okay, then.
Okay, then.
Okay, then.
Your transformation has ended.
You turn into a tree.
Your +0 animal skin melds into your body.
Your roots penetrate the ground.
The ogre hits you with a +0 giant club!
* * * LOW HITPOINT WARNING * * *
You pummel the ogre!!
The ogre is severely wounded.
The ogre hits you with a +0 giant club!
You die...

.. ... ... ... .......
.#.##.......
...........# .[...
.......#!# .......#.
#...#.#.# #........
####...#O#.# #........
.......♣.#.###.......
..?......#.##.......
.........(.##....#
.................#
...........#.....# #
...........##....## .
...........##.....#####.
...........######.......
..........# #.........


You could see an ogre.

Vanquished Creatures
  An ogre (D:4)
  A jelly (D:4)
  2 orc wizards (D:4)
  3 adders (D:2)
  A dart slug (D:2)
  3 orcs (D:4)
  6 bats
  4 endoplasms
  8 giant cockroaches
  6 goblins (D:1)
  5 hobgoblins
  3 jackals (D:2)
  3 ball pythons
  A frilled lizard (D:1)
  7 kobolds
  10 rats
64 creatures vanquished.

Notes
Turn   | Place    | Note
-------+----------+-------------------------------------------
     0 | D:1      | Malachi the Troll Shapeshifter began the quest for the Orb.
     0 | D:1      | Reached XP level 1. HP: 18/18 MP: 0/0
   104 | D:1      | Reached XP level 2. HP: 26/26 MP: 1/1
   269 | D:1      | Reached XP level 3. HP: 16/32 MP: 2/2
   789 | D:2      | Reached skill level 4 in Shapeshifting
   790 | D:2      | Reached XP level 4. HP: 35/40 MP: 3/3
  1014 | D:2      | You fall into a shaft and drop 2 floors!
  1030 | D:4      | Noticed an ogre
  1039 | D:4      | Killed an ogre
  1040 | D:4      | Reached XP level 5. HP: 14/46 MP: 4/4
  1274 | D:4      | Reached skill level 5 in Shapeshifting
  1296 | D:4      | Noticed an ogre
  1303 | D:4      | Slain by an ogre

Illustrated notes

Levels and vault maps discovered:
D:1:      dpeg_arrival_prison, layout_rooms, minmay_rat_gold_closets
D:2:      layout_rooms, chequers_mini_garden, minmay_misc_feat_columns
D:4:      layout_basic, mainiacjoe_overflow_catwalk, minmay_misc_feat_tower,
          minmay_misc_feat_rows, minmay_misc_feat_enclosed

Skill      XL: |  1  2  3  4  5 |
---------------+----------------+-----
Shapeshifting  | 4 5 |  5.2
Unarmed Combat | 4 |  4.7
Fighting       | |  0.7
Dodging        | |  1.5

Action                     |  1- 3 |  4- 6 || total
---------------------------+-------+-------++-------
  Melee: Unarmed           |    92 |    38 ||   130
         Punch             |     1 |       ||     1
    Use: Potion            |       |     1 ||     1
 Armour: Animal skin       |    61 |    29 ||    90
         Skin              |       |     2 ||     2
  Dodge: Dodged            |    40 |    13 ||    53

Table legend: (Time is in decaauts)
 A = Elapsed time spent in this place.
 B = Non-inter-level travel time spent in this place.
 C = Inter-level travel time spent in this place.
 D = Time resting spent in this place.
 E = Time spent auto-exploring this place.
 F = Levels seen in this place.
 G = Mean time per level.
                   A        B        C        D        E       F      G
               +--------+--------+--------+--------+--------+-----+--------+
         Total |   1293 |   1253 |     40 |    205 |    762 |   3 |  431.0 |
       Dungeon |   1293 |   1253 |     40 |    205 |    762 |   3 |  431.0 |
               +--------+--------+--------+--------+--------+-----+--------+

Top non-repeatable levels by time:
     D:1: 726 daAuts
     D:4: 286 daAuts
     D:2: 279 daAuts
